 Dungeon Crawl Stone Soup version 0.25-a0-936-gcfa9253 (webtiles) character file.

Game seed: 12823644831659184616, levelgen mode: deterministic

4958 TheOrbIsALie the Zephyrmancer (level 10, -3/50 HPs)
             Began as a Tengu Air Elementalist on May 4, 2020.
             Was a Believer of Vehumet.
             Slain by a wolf (7 damage)
             ... on level 9 of the Dungeon.
             The game lasted 00:16:39 (6609 turns).

TheOrbIsALie the Zephyrmancer (TeAE)                Turns: 6609, Time: 00:16:40

Health: -3/50      AC:  3    Str: 12    XL:     10   Next: 53%
Magic:  0/24       EV: 15    Int: 19    God:    Vehumet [**....]
Gold:   338        SH:  0    Dex: 15    Spells: 13/27 levels left

rFire    + . .     SeeInvis .   s - staff of air
rCold    x . .     Gourm    .   (no shield)
rNeg     . . .     Faith    .   a - +0 robe
rPois    .         Spirit   .   (helmet restricted)
rElec    +         Reflect  .   t - +0 cloak
rCorr    .         Harm     .   (no gloves)
MR       .....                  (boots unavailable)
Stlth    ++........             e - amulet of magic regeneration
HPRegen  0.16/turn              g - ring of fire
MPRegen  0.44/turn              A - +4 ring of strength

@: brilliant, flying quickly and evasively, quick
A: beak, talons 3, able to fly
a: Stop Flying, Renounce Religion


You were on level 9 of the Dungeon.
You worshipped Vehumet.
Vehumet was pleased with you.
You were not hungry.

You visited 2 branches of the dungeon, and saw 10 of its levels.

You collected 338 gold pieces.

Inventory:

Hand Weapons
 j - a +2 whip of electrocution
Armour
 a - a +0 robe (worn)
 t - a +0 cloak (worn)
Magical Staves
 s - an uncursed staff of air (weapon)
Jewellery
 e - an amulet of magic regeneration (around neck)
 g - a ring of fire (left hand)
 A - a +4 ring of strength (right hand)
 F - an uncursed ring of fire
Wands
 C - a wand of random effects (19)
 D - a wand of polymorph (10)
Scrolls
 b - 2 scrolls of fog {unknown}
 d - 5 scrolls of identify {unknown}
 f - 4 scrolls of blinking {unknown}
 h - 5 scrolls of remove curse {unknown}
 m - 2 scrolls of amnesia {unknown}
 n - a scroll of magic mapping {unknown}
 p - 5 scrolls of teleportation {unknown}
 u - a scroll of immolation {unknown}
 v - a scroll of summoning {unknown}
 y - a scroll of random uselessness {unknown}
 B - a scroll of fear {unknown}
Potions
 i - 8 potions of curing
 k - a potion of magic {unknown}
 l - a potion of flight {unknown}
 o - 2 potions of ambrosia {unknown}
 q - 2 potions of brilliance
 r - a potion of resistance {unknown}
 w - 2 potions of might {unknown}
 x - 2 potions of invisibility {unknown}
 E - a potion of lignification {unknown}
 G - a potion of heal wounds {unknown}
Comestibles
 c - 8 rations


   Skills:
 - Level 2.1 Dodging
 - Level 2.0 Stealth
 - Level 9.1 Spellcasting
 - Level 9.0 Conjurations
 + Level 12.8 Air Magic


You had 13 spell levels left.
You knew the following spells:

 Your Spells              Type           Power        Failure   Level  Hunger
a - Shock                 Conj/Air       ####         1%          1    None
b - Static Discharge      Conj/Air       #######.     1%          3    None
c - Airstrike             Air            #######...   1%          4    None
d - Lightning Bolt        Conj/Air       #######...   2%          5    None
e - Foxfire               Conj/Fire      ####         1%          1    None

Your spell library contained the following spells:

 Spells                   Type           Power        Failure   Level  Hunger
 Searing Ray              Conj           ######       1%          2    None
 Swiftness                Chrm/Air       ######..     1%          2    None
 Apportation              Tloc           ##....       9%          1    None
 Summon Butterflies       Summ           ##......     9%          1    None
 Lesser Beckoning         Tloc           ##........   24%         3    None
 Tukima's Dance           Hex            ##......     24%         3    None
 Alistair's Intoxication  Tmut/Pois      ##......     92%         5    None
 Invisibility             Hex            ##......     100%        6    None


Dungeon Overview and Level Annotations

Branches:
Dungeon (9/15)             Temple (1/1) D:5
   Lair: D:8-11         Orc: D:9-12

Altars:
Ashenzari
Cheibriados
Dithmenos
Elyvilon
Fedhas
Gozag
Hepliaklqana
Kikubaaqudgha
Makhleb
Nemelex Xobeh
Okawaru
Qazlal
Ru
Sif Muna
Trog
Uskayaw
Vehumet
Wu Jian
Xom
Yredelemnul
Zin
The Shining One

Shops:
D:6 =


Innate Abilities, Weirdness & Mutations

You have a beak for a mouth.
You have claws for feet.
You can fly continuously.


Message History

* * * LOW HITPOINT WARNING * * *
Okay, then.
Unknown command.
Unknown command.
Casting: Airstrike (safe; 1% risk of failure)
Confirm with . or Enter, or press ? or * to list all spells.
Aiming: Airstrike (safe; 1% risk of failure)
Press: ? - help, Dir - move target cursor, f - wolf
Aim: a wolf You feel a strong surge of power!
The air twists around and strikes the wolf!!
The wolf is almost dead.
The wolf barely misses you.
Casting: Airstrike (safe; 1% risk of failure)
Confirm with . or Enter, or press ? or * to list all spells.
Aiming: Shock (safe; 1% risk of failure)
Press: ? - help, Shift-Dir - straight line, f/p - wolf
Aim: a wolf (almost dead)
You feel a strong surge of power!
The zap misses the wolf.
The wolf bites you!
You die...

######.....# ####...##.....#
#......#......# #..........>..
##...........## .
##.#......#....#
...##..#.((..##..###
.....?.[(......#...##
.......%.....h@.....#########
......................##....#
...)...................#....##
...)###.......#....<.........#
.Y. ##......###............#
.. ####..## ##.........### .
..## #........## ..##
#.........# .. ###.......###


You could see a wolf.

Vanquished Creatures
  2 trolls (D:9)
  Grinder (D:5)
  2 hippogriffs
  A wyvern (D:9)
  6 yaks (D:8)
  2 sky beasts (D:7)
  An orc warrior (D:8)
  A black bear (D:7)
  A phantom (D:5)
  7 ogres
  2 centaurs
  3 bullfrogs
  3 scorpions
  8 killer bees
  2 howler monkeys
  2 bullfrog zombies
  5 crimson imps
  3 hounds
  3 jellies
  An orc wizard (D:8)
  A quasit (D:8)
  3 iguanas
  4 worker ants
  2 howler monkey skeletons
  10 gnolls
  10 adders
  A shadow imp (D:5)
  2 oozes
  3 adder skeletons
  An adder zombie (D:4)
  2 worms
  7 leopard geckos
  20 orcs
  2 bats (D:1)
  3 giant cockroaches
  6 goblins
  7 hobgoblins
  6 jackals
  9 kobolds
  5 quokkas
  A ball python (D:1)
  2 frilled lizards
  5 rats
168 creatures vanquished.

Notes
Turn   | Place    | Note
-------+----------+-------------------------------------------
     0 | D:1      | TheOrbIsALie the Tengu Air Elementalist began the quest for
                  | the Orb.
     0 | D:1      | Reached XP level 1. HP: 10/10 MP: 4/4
   285 | D:1      | Reached XP level 2. HP: 15/15 MP: 4/6
   947 | D:2      | Reached XP level 3. HP: 19/19 MP: 4/7
  1423 | D:2      | Reached XP level 4. HP: 24/24 MP: 8/8
  2002 | D:4      | Reached skill level 5 in Conjurations
  2002 | D:4      | Gained mutation: You can fly continuously. [Tengu growth]
  2002 | D:4      | Reached XP level 5. HP: 25/28 MP: 5/10
  2056 | D:4      | Reached skill level 5 in Air Magic
  2069 | D:4      | Found Memyakug's Jewellery Emporium.
  2072 | D:4      | Noticed an ogre
  2089 | D:4      | Killed an ogre
  2089 | D:4      | Reached XP level 6. HP: 15/32 MP: 7/11
  2369 | D:4      | Learned a level 3 spell: Static Discharge
  2374 | D:4      | Learned a level 4 spell: Airstrike
  2575 | D:5      | Entered Level 5 of the Dungeon
  2582 | D:5      | Noticed Grinder
  2658 | D:5      | Noticed a phantom
  2661 | D:5      | Killed a phantom
  2661 | D:5      | Reached skill level 6 in Air Magic
  2781 | D:5      | Reached XP level 7. HP: 36/36 MP: 10/13
  2838 | D:5      | Paralysed by Grinder for 4 turns
  2849 | D:5      | Killed Grinder
  2849 | D:5      | Reached skill level 7 in Air Magic
  3068 | D:5      | Reached XP level 8. HP: 41/41 MP: 10/16
  3142 | D:5      | Found a staircase to the Ecumenical Temple.
  3158 | Temple   | Entered the Ecumenical Temple
  3189 | Temple   | Learned a level 5 spell: Lightning Bolt
  3213 | Temple   | Became a worshipper of Vehumet
  3556 | D:6      | Found Fyrud's Jewellery Shoppe.
  3588 | D:6      | Reached skill level 5 in Spellcasting
  3828 | D:7      | Reached skill level 8 in Air Magic
  3998 | D:7      | Reached * piety under Vehumet
  3998 | D:7      | Offered knowledge of Freeze by Vehumet.
  4120 | D:7      | Noticed a hippogriff
  4122 | D:7      | Killed a hippogriff
  4122 | D:7      | Reached XP level 9. HP: 45/45 MP: 9/19
  5120 | D:8      | Reached ** piety under Vehumet
  5120 | D:8      | Offered knowledge of Foxfire by Vehumet.
  5136 | D:8      | Learned a level 1 spell: Foxfire
  5528 | D:8      | Found a shattered altar of Ashenzari.
  5543 | D:8      | Reached skill level 9 in Air Magic
  5903 | D:8      | Reached skill level 10 in Air Magic
  5903 | D:8      | Reached XP level 10. HP: 50/50 MP: 20/24
  5908 | D:8      | Reached skill level 11 in Air Magic
  6040 | D:8      | Found an ornate altar of the Wu Jian Council.
  6393 | D:9      | Reached skill level 12 in Air Magic
  6453 | D:9      | Offered knowledge of Searing Ray by Vehumet.
  6609 | D:9      | Slain by a wolf

Levels and vault maps discovered:
D:1:      eino_arrival_cavern_c, layout_loops_corners
D:2:      layout_loops_cross
D:3:      layout_basic
D:4:      layout_rooms, serial_shops, nicolae_shop_crystal
D:5:      layout_basic, minmay_temple_entry_statues_pillars, first_ration,
          hangedman_abyss_or_decor_stagger, uniq_grinder
D:6:      layout_rooms, serial_shops, shop
D:7:      layout_cave_pods
D:8:      layout_basic, kennysheep_mini, evilmike_ruin_ashenzari
D:9:      layout_cave_pools, erik_lair_island, serial_shops,
          nicolae_shop_behind_doors, grunt_livestock,
          nicolae_tso_swordbearing_angel
Temple:   compressed_dpeg_triangle_lava_temple

Skill      XL: |  1  2  3  4  5  6  7  8  9 10 |
---------------+-------------------------------+-----
Conjurations   | 2 3 4 5 6 7 9 |  9.0
Spellcasting   | 3 4 6 9 |  9.1
Air Magic      | 5 6 7 8 10 12 | 12.8
Dodging        | |  2.1
Stealth        | |  2.0

Action                   |  1- 3 |  4- 6 |  7- 9 | 10-12 || total
-------------------------+-------+-------+-------+-------++-------
Melee: Whip              |     6 |     2 |       |       ||     8
       Kick              |     1 |       |     7 |     1 ||     9
       Unarmed           |     1 |       |       |       ||     1
       Staff             |       |     4 |    20 |     2 ||    26
       Peck              |       |     2 |     1 |       ||     3
 Cast: Shock             |    56 |    71 |   173 |    23 ||   323
       Airstrike         |       |     2 |    36 |    16 ||    54
       Static Discharge  |       |       |    12 |     5 ||    17
       Lightning Bolt    |       |       |       |     2 ||     2
 Abil: Fly               |       |     1 |       |       ||     1
  Use: Potion            |       |       |     1 |     1 ||     2
 Stab: Sleeping          |     1 |       |       |       ||     1
  Eat: Chunk             |     3 |     5 |    13 |     4 ||    25
Armor: Robe              |       |     1 |     5 |       ||     6
Dodge: Dodged            |     4 |    10 |    54 |    12 ||    80

Table legend:
 A = Non-vault XP
 B = Vault XP
 C = Vault XP percentage of total XP
 D = Non-vault monster count
 E = Vault monster count
 F = Vault count percentage of total count
                 A         B        C        D         E       F
            +---------+---------+-------+---------+---------+-------
      Total |    6466 |     618 |   8.7 |     165 |       3 |   1.8
            +---------+---------+-------+---------+---------+-------
        D:1 |      28 |       0 |   0.0 |      15 |       0 |   0.0
        D:2 |      54 |       0 |   0.0 |      18 |       0 |   0.0
        D:3 |      72 |       0 |   0.0 |      12 |       0 |   0.0
        D:4 |     297 |       0 |   0.0 |       8 |       0 |   0.0
        D:5 |     615 |     290 |  32.0 |      21 |       1 |   4.5
        D:6 |     330 |       0 |   0.0 |      16 |       0 |   0.0
        D:7 |    1499 |       0 |   0.0 |      29 |       0 |   0.0
        D:8 |    2553 |       0 |   0.0 |      39 |       0 |   0.0
        D:9 |    1018 |     328 |  24.4 |       7 |       2 |  22.2
            +---------+---------+-------+---------+---------+-------
